 Dungeon Crawl Stone Soup version 0.21-a0-81-gc5150db (webtiles) character file.

89454 nikopol the Marksminotaur (level 15, 0/143 HPs)
             Began as a Minotaur Berserker on June 22, 2017.
             Was the Champion of Trog.
             Slain by a sun demon (2 damage)
             ... summoned by an orc high priest
             ... on level 2 of the Orcish Mines on June 23, 2017.
             The game lasted 01:23:34 (29507 turns).

nikopol the Marksminotaur (Minotaur Berserker)     Turns: 29507, Time: 01:23:34

Health: 0/143      AC: 17    Str: 28    XL:     15   Next: 49%
Magic:  14/14      EV: 16    Int:  4    God:    Trog [******]
Gold:   2415       SH:  0    Dex: 16    Spells: 14/14 levels left

rFire    + + .     SeeInvis .   a - +2 executioner's axe (freeze)
rCold    . . .     Gourm    +   (shield currently unavailable)
rNeg     . . .     Faith    .   Q - +2 scale mail {MR+}
rPois    .         Spirit   .   R - +1 hat
rElec    +         Reflect  .   N - scarf {repulsion}
rCorr    +         Harm     .   e - +1 pair of gloves
MR       ++...                  T - +1 pair of boots
Stlth    +.........             t - amulet of Baabbula {Gourm rF+ Str+2}
HPRegen  0.33/turn              b - ring of resist corrosion
MPRegen  0.14/turn              o - ring of Xamutu {Wiz rElec rF+ Str+4}

@: berserk cooldown, slowed, repel missiles, very slow
A: retaliatory headbutt, horns 2
a: Berserk, Trog's Hand, Brothers in Arms, Burn Spellbooks, Renounce Religion


You were on level 2 of the Orcish Mines.
You worshipped Trog.
Trog was exalted by your worship.
You were very full.

You visited 3 branches of the dungeon, and saw 20 of its levels.
You also visited: Ice Cave.

You collected 2415 gold pieces.

Inventory:

Hand Weapons
 a - a +2 executioner's axe of freezing (weapon)
 w - a +0 antimagic battleaxe
 z - a +3 longbow of flaming
 Z - a +3 dire flail of crushing
Missiles
 y - 353 arrows (quivered)
Armour
 e - a +1 pair of gloves (worn)
 N - a scarf of repulsion (worn)
 Q - a +2 scale mail of magic resistance (worn)
 R - a +1 hat (worn)
 T - a +1 pair of boots (worn)
Jewellery
 b - a ring of resist corrosion (left hand)
 o - the ring of Xamutu (right hand) {Wiz rElec rF+ Str+4}
   (You found it on level 4 of the Lair of Beasts)

   [ring of wizardry]

   It improves your spell success rate.
   It affects your strength (+4).
   It protects you from fire.
   It insulates you from electricity.
 t - the amulet of Baabbula (around neck) {Gourm rF+ Str+2}
   (You took it off a kobold on level 8 of the Dungeon)

   [amulet of the gourmand]

   It allows you to eat raw meat even when not hungry.
   It affects your strength (+2).
   It protects you from fire.
 u - a +3 ring of strength
 x - an uncursed ring of flight
 P - a +3 ring of protection
 X - an uncursed ring of protection from cold
Wands
 d - a wand of enslavement (14/24)
 v - a wand of lightning (8/15)
 G - a wand of disintegration (16/24)
 M - a wand of paralysis (11/24)
Scrolls
 f - a scroll of identify
 g - 4 scrolls of magic mapping
 i - 3 scrolls of enchant armour
 n - 3 scrolls of recharging
 q - 6 scrolls of remove curse
 r - 10 scrolls of teleportation
 E - 2 scrolls of fear
 O - 3 scrolls of fog
Potions
 h - 5 potions of brilliance
 j - 2 potions of berserk rage
 k - 3 potions of flight
 m - 3 potions of curing
 p - 3 potions of agility
 A - 2 potions of magic
 B - a potion of resistance
 F - 2 potions of might
 I - 2 potions of invisibility
 K - a potion of heal wounds {unknown}
 U - 2 potions of haste
 W - a potion of cancellation {unknown}
Comestibles
 c - 14 bread rations
 l - 16 royal jellies
 s - 12 meat rations
 C - 3 chunks of flesh
 J - 12 fruits


   Skills:
 + Level 15.7 Fighting
 + Level 15.9(16.0) Axes
 + Level 2.0(10.9) Maces & Flails
 + Level 16.4 Bows
 + Level 12.5 Armour
 + Level 7.6 Dodging
 + Level 3.7 Stealth
 + Level 0.3 Evocations


You had 14 spell levels left.
You didn't know any spells.

Dungeon Overview and Level Annotations

Branches:
Dungeon (12/15)            Temple (0/1) D:7            Lair (6/6) D:10
 Shoals (0/4) Lair:2        Snake (0/4) Lair:3        Slime (0/5) Lair:6
    Orc (2/2) D:12
    Elf: Orc:2

Altars:
Ashenzari
Elyvilon
Fedhas
Makhleb
Okawaru
Qazlal
Ru
Trog
Uskayaw
Vehumet
Wu Jian
Xom
The Shining One
Jiyva

Shops:
Orc:2 [

Annotations:
D:12 8 runed doors
Lair:6 1 runed door


Innate Abilities, Weirdness & Mutations

You reflexively headbutt those who attack you in melee.
You have a pair of horns on your head.


Message History

You are engulfed in flames.
You resist.
* * * LOW HITPOINT WARNING * * *
The orc high priest invokes the aid of Beogh against you.
Pain shoots through your body!
* * * LOW HITPOINT WARNING * * *
The orc priest looks satisfied for a moment.
An orc comes into view.
The orc shouts!
You hit the sun demon but do no damage. Your headbutt misses the sun demon.
The sun demon is severely wounded.
You slice the orc high priest!! You freeze the orc high priest.
You hit the chaos spawn. You freeze the chaos spawn. The sun demon hits you!
* * * LOW HITPOINT WARNING * * *
You are engulfed in flames.
You resist.
* * * LOW HITPOINT WARNING * * *
The chaos spawn misses you. You furiously retaliate!
You headbutt the chaos spawn.
The orc high priest utters an invocation to Beogh.
The orc high priest is healed somewhat.
The sun demon hits you.
You die...

.................
..................
..................
.#.#.....(........
#.........(.....#.
..........(......#
......3)..........
...(..o@).........
.....o34#))...#.#.
.......o.#.#...#
.....(((.)###.##
....((.....#######
...(.(...........###
....o..........P..P###
...........P....PP.#.##
..(....P..............


You could see an orc high priest, a sun demon, a neqoxec, a chaos spawn, an orc
warrior, an orc priest and an orc.

Vanquished Creatures
  Gastronok (D:8)
  An orc warlord (Orc:2)
  Snorg (Orc:1)
  Josephine (Orc:2)
  Harold (Orc:1)
  2 ice dragons (IceCv)
  6 hydras
  2 centaur warriors
  An anaconda (Lair:4)
  The ghost of junb69 the Carver, a novice DrGl of Ashenzari (D:9)
  7 two-headed ogres
  3 orc high priests (Orc:2)
  2 unseen horrors
  5 orc knights (Orc:2)
  A deep elf mage (D:12)
  2 orc sorcerers (Orc:2)
  4 ugly things
  4 oklob plants (Lair:4)
  A cyclops (Orc:1)
  A manticore (D:11)
  A torpor snail (Lair:2)
  12 elephants
  11 black mambas
  3 merfolk sirens (Lair:2)
  A gargoyle (D:12)
  7 spiny frogs
  3 rime drakes
  9 komodo dragons
  A kobold demonologist (D:8)
  A merfolk (Lair:2)
  A queen bee (D:8)
  7 trolls
  8 polar bears
  9 hornets
  13 blink frogs
  22 dream sheep
  12 hippogriffs
  A vampire (D:12)
  13 spriggans
  6 wraiths
  The ghost of p0werm0de the Ducker, an amateur SpWn (D:4)
  50 yaks
  A steam dragon (D:8)
  3 basilisks
  2 humans (D:12)
  3 hungry ghosts
  A warg (Orc:2)
  3 sky beasts
  28 water moccasins
  6 porcupines
  4 black bears
  A hornet zombie (D:6)
  33 orc warriors
  25 ice beasts
  15 ogres
  3 boggarts (Lair:6)
  4 phantoms
  6 centaurs
  14 crocodiles
  19 wolves
  5 big kobolds
  A wyvern zombie (D:8)
  13 bullfrogs
  A wyvern skeleton (D:12)
  4 scorpions
  25 killer bees
  18 wights
  2 electric eels
  A howler monkey (D:12)
  3 bullfrog zombies
  4 crimson imps
  4 quasits
  2 centaur zombies
  8 hounds
  13 orc priests
  5 centaur skeletons
  3 jellies
  17 orc wizards
  2 iguanas
  Terence (D:3)
  8 worker ants
  A killer bee zombie (D:7)
  2 hound zombies
  A hound skeleton (D:4)
  A worker ant zombie (D:8)
  A howler monkey skeleton (D:10)
  14 adders
  3 shadow imps
  2 oozes
  2 worms
  A dart slug (D:2)
  3 leopard geckos
  59 orcs
  6 giant cockroaches
  11 goblins
  10 hobgoblins
  15 jackals
  7 quokkas
  2 ball pythons
  10 bats
  4 frilled lizards
  31 kobolds
  7 rats
  3 fungi (Lair:6)
  5 plants
751 creatures vanquished.

Vanquished Creatures (collateral kills)
  Nessos (Lair:4)
  A hydra (Lair:1)
  2 ice statues (IceCv)
4 creatures vanquished.

Vanquished Creatures (others)
  2 bushes (Lair:1)
  18 fungi
  6 plants
26 creatures vanquished.

Grand Total: 781 creatures vanquished

Notes
Turn   | Place    | Note
-------+----------+-------------------------------------------
     0 | D:1      | nikopol the Minotaur Berserker began the quest for the Orb.
     0 | D:1      | Reached XP level 1. HP: 19/19 MP: 0/0
   159 | D:1      | Reached XP level 2. HP: 24/27 MP: 1/1
   741 | D:1      | Reached XP level 3. HP: 29/33 MP: 2/2
   983 | D:1      | Reached ** piety under Trog
  1340 | D:2      | Found a shattered altar of Ashenzari.
  1691 | D:2      | Reached XP level 4. HP: 40/40 MP: 3/3
  1697 | D:2      | Found a bloodstained altar of Trog.
  1833 | D:2      | Found a shimmering altar of Xom.
  1833 | D:2      | Found a burning altar of Makhleb.
  2122 | D:3      | Found a sacrificial altar of Ru.
  2620 | D:3      | Noticed Terence
  2630 | D:3      | Killed Terence
  2630 | D:3      | Reached skill level 5 in Axes
  2672 | D:3      | Found an ornate altar of the Wu Jian Council.
  2713 | D:3      | Reached XP level 5. HP: 39/47 MP: 4/4
  2823 | D:4      | Noticed an ogre
  2835 | D:4      | Killed an ogre
  3206 | D:4      | Noticed p0werm0de's ghost (amateur SpWn)
  3215 | D:4      | Killed p0werm0de's ghost
  3215 | D:4      | Reached skill level 5 in Fighting
  3215 | D:4      | Reached XP level 6. HP: 56/56 MP: 5/5
  3296 | D:4      | Reached *** piety under Trog
  3423 | D:4      | Reached skill level 1 in Stealth
  3423 | D:4      | Reached XP level 7. HP: 58/61 MP: 6/6
  4004 | D:5      | Entered Level 5 of the Dungeon
  4042 | D:5      | Found a radiant altar of Vehumet.
  4630 | D:5      | Reached skill level 5 in Armour
  4844 | D:6      | You fall through a shaft for 2 floors!
  4853 | D:8      | Reached XP level 8. HP: 45/70 MP: 7/7
  4862 | D:8      | Noticed a kobold demonologist
  4866 | D:8      | Killed a kobold demonologist
  5447 | D:6      | Reached skill level 1 in Bows
  5489 | D:6      | Reached skill level 2 in Bows
  5657 | D:6      | Reached skill level 3 in Bows
  5662 | D:6      | Reached XP level 9. HP: 72/79 MP: 8/8
  5920 | D:6      | Received a gift from Trog
  6068 | D:7      | Reached skill level 4 in Bows
  6341 | D:7      | Found a stormy altar of Qazlal.
  6420 | D:7      | Reached **** piety under Trog
  6507 | D:7      | Reached skill level 5 in Bows
  6740 | D:7      | Reached skill level 10 in Axes
  6770 | D:7      | Reached skill level 6 in Bows
  6926 | D:7      | Found a hide-covered altar of Uskayaw.
  6942 | D:7      | Found a staircase to the Ecumenical Temple.
  7606 | D:8      | Reached skill level 7 in Bows
  7896 | D:8      | Reached XP level 10. HP: 43/88 MP: 9/9
  8271 | D:8      | Noticed Gastronok
  8288 | D:8      | Killed Gastronok
  8288 | D:8      | Reached skill level 8 in Bows
  8288 | D:8      | Reached skill level 5 in Dodging
  8749 | D:8      | Reached skill level 9 in Bows
  9004 | D:8      | Received a gift from Trog
  9464 | D:8      | Got a fine iron amulet
  9480 | D:8      | Identified the amulet of Baabbula {Gourm rF+ Str+2} (You took it off a kobold on level 8 of the Dungeon)
  9621 | D:8      | Found an iron altar of Okawaru.
  9621 | D:8      | Found a glowing golden altar of the Shining One.
  9622 | D:8      | Found a white marble altar of Elyvilon.
  9825 | D:9      | Received a gift from Trog
 10067 | D:9      | Noticed junb69's ghost (novice DrGl)
 10070 | D:9      | Noticed a two-headed ogre
 10075 | D:9      | Killed a two-headed ogre
 10075 | D:9      | Reached XP level 11. HP: 93/99 MP: 10/10
 10081 | D:9      | Killed junb69's ghost
 10388 | D:9      | Found an iron altar of Okawaru.
 10407 | D:9      | Found a blossoming altar of Fedhas.
 10534 | D:9      | Reached skill level 10 in Fighting
 11174 | D:10     | Entered Level 10 of the Dungeon
 11269 | D:10     | Received a gift from Trog
 11383 | D:10     | Reached skill level 10 in Bows
 11538 | D:10     | Found a staircase to the Lair.
 11754 | D:10     | Noticed a two-headed ogre
 11765 | D:10     | Killed a two-headed ogre
 11950 | D:10     | Reached ***** piety under Trog
 12070 | D:10     | Noticed a two-headed ogre
 12085 | D:10     | Killed a two-headed ogre
 12453 | D:11     | Noticed a brown ugly thing
 12460 | D:10     | Reached skill level 11 in Bows
 12498 | D:11     | Killed a brown ugly thing
 12498 | D:11     | Killed an unseen horror
 12647 | D:10     | Noticed a centaur warrior
 12652 | D:10     | Killed a centaur warrior
 12742 | D:11     | Got a transparent battleaxe
 12743 | D:11     | Lost intelligence.
 12743 | D:11     | Identified the +3 battleaxe of Dissatisfaction {chop, rN++ Int-5 Dex+4} (You found it on level 11 of the Dungeon)
 12794 | D:11     | Received a gift from Trog
 13012 | D:11     | Noticed a two-headed ogre
 13021 | D:11     | Killed a two-headed ogre
 13021 | D:11     | Reached XP level 12. HP: 78/108 MP: 11/11
 13191 | D:11     | Noticed a two-headed ogre
 13198 | D:11     | Killed a two-headed ogre
 13198 | D:11     | Reached skill level 10 in Armour
 14019 | D:11     | Noticed a six-headed hydra
 14030 | D:11     | Killed a six-headed hydra
 14383 | Lair:1   | Entered Level 1 of the Lair of Beasts
 14407 | Lair:1   | Reached skill level 1 in Maces & Flails
 14436 | Lair:1   | Upgraded the game from 0.21-a0-79-g04744e2 to 0.21-a0-81-gc5150db
 14711 | Lair:1   | Noticed an eight-headed hydra
 14715 | Lair:1   | Killed an eight-headed hydra
 15545 | Lair:1   | Reached skill level 12 in Bows
 16149 | Lair:2   | Received a gift from Trog
 16577 | Lair:2   | Received a gift from Trog
 16734 | Lair:2   | Reached XP level 13. HP: 91/119 MP: 12/12
 16835 | Lair:2   | Found a staircase to the Shoals.
 17182 | Lair:3   | Found a frozen archway.
 17239 | IceCv    | Entered an ice cave
 18649 | Lair:3   | Reached skill level 13 in Bows
 18847 | Lair:3   | Found a staircase to the Snake Pit.
 20227 | Lair:4   | Noticed Nessos
 20238 | Lair:4   | Killed Nessos
 20484 | Lair:4   | Received a gift from Trog
 20840 | Lair:4   | Reached skill level 14 in Bows
 21782 | Lair:4   | Received a gift from Trog
 21891 | Lair:4   | Got a slimy brass ring
 21921 | Lair:4   | Identified the ring of Xamutu {Wiz rElec rF+ Str+4} (You found it on level 4 of the Lair of Beasts)
 22473 | Lair:5   | Reached XP level 14. HP: 129/130 MP: 13/13
 22847 | Lair:6   | Entered Level 6 of the Lair of Beasts
 23206 | Lair:6   | Reached skill level 15 in Bows
 24042 | Lair:6   | Received a gift from Trog
 24073 | Lair:6   | Found a runed door.
 24074 | Lair:6   | Noticed an azure jelly
 24636 | Lair:6   | Received a gift from Trog
 24981 | Lair:6   | Noticed an azure jelly
 24982 | Lair:6   | Found a viscous altar of Jiyva.
 24982 | Lair:6   | Noticed an azure jelly
 24983 | Lair:6   | Found a staircase to the Slime Pits.
 25474 | Lair:5   | Reached skill level 15 in Axes
 25862 | D:12     | Received a gift from Trog
 25907 | D:12     | Found a large runed door.
 25911 | D:12     | Found a large runed door.
 25944 | D:12     | Found an iron altar of Okawaru.
 26165 | D:12     | Reached ****** piety under Trog
 26211 | D:12     | Reached XP level 15. HP: 123/139 MP: 14/14
 26213 | D:12     | Received a gift from Trog
 26239 | D:12     | Found a large runed door.
 26243 | D:12     | Found a large runed door.
 26247 | D:12     | Noticed a sphinx
 26395 | D:12     | Found a staircase to the Orcish Mines.
 26431 | D:12     | Reached skill level 15 in Fighting
 26488 | D:12     | Reached skill level 16 in Bows
 26545 | D:12     | Found a large runed door.
 26551 | D:12     | Found a large runed door.
 26789 | D:12     | Found a large runed door.
 26796 | D:12     | Noticed a fire giant
 26796 | D:12     | Found a large runed door.
 26798 | D:12     | Noticed a sphinx
 26798 | D:12     | a fire giant changed into a sphinx
 26801 | D:12     | a sphinx changed into a dire elephant
 26802 | D:12     | Noticed a storm dragon
 26802 | D:12     | a dire elephant changed into a storm dragon
 27236 | Orc:1    | Entered Level 1 of the Orcish Mines
 27458 | Orc:1    | Found a bloodstained altar of Trog.
 27503 | Orc:1    | Noticed Harold
 27505 | Orc:1    | Noticed Snorg
 27508 | Orc:1    | Killed Harold
 27516 | Orc:1    | Killed Snorg
 27696 | Orc:2    | Entered Level 2 of the Orcish Mines
 27729 | Orc:2    | Received a gift from Trog
 28987 | Orc:1    | Received a gift from Trog
 29338 | Orc:2    | Noticed an orc warlord
 29347 | Orc:2    | Killed an orc warlord
 29442 | Orc:2    | Found Akhloppus's Antique Armour Boutique.
 29475 | Orc:2    | Noticed Josephine
 29495 | Orc:2    | Killed Josephine
 29507 | Orc:2    | HP: 2/143 [sun demon[an orc high priest] (6)]
 29507 | Orc:2    | Slain by a sun demon

Vault maps used:
D:1:      elethiomel_arrival_fortress_basement, minmay_misc_feat_pillars,
          minmay_crystal_water, serial_bayou_ford_a,
          hangedman_decor_clover_reticule
D:2:      cheibrodos_greedy_goblins, gammafunk_temple_overflow_elements,
          lemuel_coloured_pillars_altar, old_standard_altar
D:3:      marbit_many_paths, nicolae_overflow_crystal_walls, uniq_terence
D:4:      first_bread
D:5:      vehumet_crystals
D:6:      eino_tiny_chamber
D:7:      kennysheep_little_box, minmay_temple_entry_purple_smoke, basic_altar,
          kennysheep_generic_room_3
D:8:      minmay_blocky_corners, gammafunk_temple_overflow_claw, david_nohive_1,
          st_stairs_12, uniq_gastronok
D:9:      basic_altar, minmay_misc_feat_room, fedhas_altar_fruit_tree
D:10:     lair_entry_dummy
D:12:     minmay_five_octagons, okawaru_humans
Lair:2:   elwin_shoals_entry_stream
Lair:3:   minmay_snake_entry_six_corridors, portal_ice_cave_entry_ice_beasts,
          serial_bayou_pond_e
Lair:4:   beast_lair_carwin_large_4, minmay_lair_oklob_chamber, uniq_nessos
Lair:5:   statuecave_lemuel, grunt_megastairs_1
Lair:6:   minmay_lair_end_enchanted_forest, slime_altar_2
Orc:1:    bloody_trog, uniq_harold, uniq_snorg
Orc:2:    grunt_orc_gardens, grunt_orc_garden, grunt_orc_garden,
          grunt_orc_garden, grunt_orc_garden, uniq_josephine
IceCv:    ice_cave_small_dragons

Skill      XL: |  1  2  3  4  5  6  7  8  9 10 11 12 13 14 15 |
---------------+----------------------------------------------+-----
Fighting       | 4 5 7 8 9 10 12 13 14 15 | 15.7
Axes           | 4 5 6 7 8 9 10 11 12 13 14 15 | 15.9
Dodging        | 3 4 5 6 7 |  7.6
Armour         | 3 5 6 7 8 9 10 11 12 | 12.5
Stealth        | 1 2 3 |  3.7
Bows           | 3 7 9 11 12 14 15 16 | 16.4
Maces & Flails | 2 |  2.0
Evocations     | |  0.3

Action                   |  1- 3 |  4- 6 |  7- 9 | 10-12 | 13-15 || total
-------------------------+-------+-------+-------+-------+-------++-------
Melee: Hand axe          |    96 |    92 |   169 |   451 |   243 ||  1051
       Headbutt          |    14 |    19 |    38 |   123 |   109 ||   303
       War axe           |       |       |    38 |       |       ||    38
       Flail             |       |       |       |     9 |       ||     9
       Executioner's axe |       |       |       |       |   191 ||   191
 Fire: Shortbow          |       |       |   174 |   399 |   195 ||   768
       Longbow           |       |       |       |       |   594 ||   594
Invok: Berserk           |       |     2 |     1 |     6 |     4 ||    13
       Brothers in Arms  |       |       |       |     1 |     2 ||     3
       Burn Spellbooks   |       |       |       |       |     3 ||     3
 Abil: Evoke Flight      |       |       |       |       |     2 ||     2
  Use: Scroll            |       |       |     7 |     6 |    20 ||    33
       Potion            |       |       |       |       |     4 ||     4
  Eat: Chunk             |     2 |     8 |    17 |    46 |    44 ||   117
Armor: Animal skin       |    19 |     7 |       |       |       ||    26
       Scale mail        |       |     9 |    92 |   212 |   216 ||   529
Dodge: Dodged            |    64 |    57 |   137 |   299 |   375 ||   932
       Deflected         |       |       |     1 |    13 |     4 ||    18
